Cogmind - Beta 14 @@@ ROGUE MODE // 2024.09.09 @ 14:50:20 Player: Dull Result: Destroyed by Y-45 Defender with Heavy Assault Rifle Performance ------------- Evolutions (1) 500 Regions Visited (4) 800 Robots Destroyed (59) 295 Value Destroyed (1676) 1676 Prototype IDs (5) 100 Alien Tech Used (0) 0 Bonus (24) 24 TOTAL SCORE: 3395 Bonus ------- High Alert Combat Kills 24 Cogmind --------- Core Integrity 0/400 Matter 260/300 Energy 280/280 System Corruption 16% Temperature Warm (181) Movement Treading (160) Location -9/Storage Parts ------- > --- POWER (1) -------- Heavy Ion Engine > --- PROPULSION (3) --- Light Treads Light Treads > --- UTILITY (3) ------ Medium Storage Unit Weight Redist. System Transport Network Coupler > --- WEAPON (2) ------- Improved Medium Laser Improved Assault Rifle > --- INVENTORY (10) --- Heavy Ion Engine Cooled Ion Engine Cooled Ion Engine Improved Medium Laser Improved Medium Laser Improved Assault Rifle Improved Assault Rifle Improved Assault Rifle Rocket Launcher Heavy Hammer Peak State ------------ > --- POWER ------------ Ion Engine > --- PROPULSION ------- Light Treads Light Treads Improved Treads > --- UTILITY ---------- Cooling System Small Storage Unit Splice Drone Bay > --- WEAPON ----------- Beam Rifle Heavy Assault Rifle > --- INVENTORY -------- Ion Engine Ion Engine Ion Engine Cooling System Small Laser Particle Gun Rocket Launcher Mini Grenade Launcher [Rating: 20] Favorites ----------- Power Ion Engine Engine Ion Engine Propulsion Light Treads Treads Light Treads Leg Aluminum Leg Wheel Compact Wheel Utility Small Storage Unit Device Splice Drone Bay Storage Small Storage Unit Processor Transport Network Coupler Weapon Particle Gun Energy Gun Particle Gun Ballistic Gun Assault Rifle Launcher Grenade Launcher Impact Weapon Heavy Hammer Build | -11 -10 -10 -9 -9 ------- Run | Yrd Mat Min Mat Sto Slots Evolved 2 | . . . 2 . Power . | . . . . . Propulsion 1 | . . . 1 . Utility 1 | . . . 1 . Weapon . | . . . . . Parts Attached 55 | 2 6 3 12 32 Power 8 | . 2 . 1 5 Engine 8 | . 2 . 1 5 Core . | . . . . . Reactor . | . . . . . Propulsion 19 | 2 1 1 6 9 Treads 16 | 2 1 1 6 6 Leg . | . . . . . Wheel 3 | . . . . 3 Hover . | . . . . . Flight . | . . . . . Utility 7 | . 1 1 1 4 Device 5 | . 1 1 1 2 Storage 1 | . . . . 1 Processor 1 | . . . . 1 Hackware . | . . . . . Protection . | . . . . . Artifact . | . . . . . Weapon 21 | . 2 1 4 14 Energy Gun 6 | . 1 . 2 3 Energy Cannon . | . . . . . Ballistic Gun 8 | . 1 . 2 5 Ballistic Cannon . | . . . . . Launcher 4 | . . 1 . 3 Special Weapon . | . . . . . Impact Weapon 3 | . . . . 3 Slashing Weapon . | . . . . . Piercing Weapon . | . . . . . Special Melee Weapon . | . . . . . Unidentified Prototypes 5 | . . 1 . 4 Parts Lost 11 | . . . 3 8 Power 2 | . . . 1 1 Propulsion 6 | . . . 2 4 Utility 3 | . . . . 3 Weapon . | . . . . . Highest Loss Streak 3 | . . . 3 3 To Critical Strikes . | . . . . . Average Slot Usage (%) 93 | . 97 100 95 85 Engine 12 | . 14 14 10 10 Treads 27 | . 27 28 29 25 Device 14 | . 11 14 22 13 Storage 12 | . 14 14 11 11 Energy Gun 12 | . 14 14 11 11 Ballistic Gun 8 | . 14 2 9 7 Launcher 3 | . . 11 1 1 Peak Build Rating 20 | 6 9 15 20 20 Average Rating 14 | 6 8 13 17 16 On Entrance 11 | 6 6 9 15 20 Naked Turns . | . . . . . Heaviest Build 27 | 13 16 24 26 27 Greatest Support 63 | 40 40 40 63 63 Greatest Overweight (x) 6 | . . . . 6 Average Overweight (x) . | . . . . . Largest Inventory Capacity 10 | 8 8 8 8 10 Average Capacity 8 | 8 8 8 8 8 Most Carried 10 | 6 8 8 8 10 Average Carried 7 | 6 7 7 7 8 Final Capacity 10 | 8 8 8 8 10 Final Carried 10 | 6 8 8 8 10 Class Distribution -------------------- 67% | Mutant 32% | Scavenger-Mutant Dominant Class ---------------- Mutant | -10/Materials Mutant | -10/Mines Scavenger-Mutant | -9/Materials Scavenger-Mutant | -9/Storage Resources | -11 -10 -10 -9 -9 ----------- Run | Yrd Mat Min Mat Sto Matter Collected 1236 | 220 149 40 292 535 Remotely . | . . . . . Salvage Created 2100 | . 328 40 814 918 Parts 134 | . 26 2 47 59 Haulers Intercepted 1 | . . . . 1 Recyclers Shooed 2 | . . . . 2 Parts Field Recycled . | . . . . . Retrieved Matter . | . . . . . Parts Self-Destructed . | . . . . . Prevented . | . . . . . Kills | -11 -10 -10 -9 -9 ------- Run | Yrd Mat Min Mat Sto Combat Hostiles Destroyed 47 | . 11 1 19 16 Guns 46 | . 11 1 19 15 AOE 1 | . . . . 1 Classes Destroyed 11 | . 3 . 3 5 Worker 4 | . . . . 4 Builder 1 | . . . . 1 Hauler 1 | . . . . 1 Recycler 2 | . . . . 2 Mechanic 1 | . . . . 1 Operator 1 | . 1 . . . Watcher 2 | . . . 1 1 Swarmer 9 | . 6 . . 3 Grunt 29 | . 5 1 16 7 Duelist 1 | . . . 1 . Sentry 8 | . . . 2 6 Best Kill Streak 7 | . 3 1 7 4 Combat Bots Only 7 | . 3 1 7 4 Max Kills in Single Turn 2 | . 1 1 1 2 Gunslinging 1 | . . . . 1 Exploded 1 | . . . . 1 Melee . | . . . . . Uniques/NPCs Destroyed . | . . . . . Combat | -11 -10 -10 -9 -9 -------- Run | Yrd Mat Min Mat Sto Hostile Shots Fired 220 | . 60 . 85 75 Missed 46 | . 11 . 21 14 Damage Taken 3294 | . 471 40 829 1954 Core 519 | . 108 . 147 264 Absorbed by Shields . | . . . . . Regen/Repaired (Parts) 155 | . 100 . 55 . Core Remaining (%) 78 | 100 . 56 . . Volleys Fired 155 | . 35 1 60 59 Largest 2 | . 2 2 2 2 Hottest 95 | . 85 95 95 89 Shots Fired 304 | . 70 2 120 112 Gun 294 | . 70 1 119 104 Cannon . | . . . . . Launcher 10 | . . 1 1 8 Special . | . . . . . Kinetic 146 | . 35 . 59 52 Thermal 140 | . 27 1 60 52 Explosive 10 | . . 1 1 8 Electromagnetic 8 | . 8 . . . Robot Hit Streak 24 | . 8 5 24 11 Robot Miss Streak 4 | . 3 . 2 4 Penetration Max . | . . . . . Secondary Targets 4 | . . . 1 3 Max Gunslinging Chain 1 | . . . 1 1 Shots Hit Robots 207 | . 43 1 92 71 Core Hits 93 | . 18 2 36 37 Critical Kills . | . . . . . Critical Parts Destroyed 1 | . 1 . . . Critical Strikes 10 | . 4 . 2 4 Burn 9 | . 3 . 2 4 Destroy 1 | . 1 . . . Melee Attacks 31 | . . . . 31 Impact 31 | . . . . 31 Slashing . | . . . . . Piercing . | . . . . . Sneak Attacks . | . . . . . Combat Hostiles . | . . . . . Follow-up Attacks . | . . . . . Damage Inflicted 3088 | . 570 47 1325 1146 Guns 2979 | . 570 18 1301 1090 Cannons . | . . . . . Explosions 109 | . . 29 24 56 Melee . | . . . . . Ramming . | . . . . . Kinetic 1311 | . 233 . 578 500 Thermal 1582 | . 251 18 723 590 Explosive 109 | . . 29 24 56 Electromagnetic 86 | . 86 . . . Impact . | . . . . . Slashing . | . . . . . Piercing . | . . . . . Highest Corruption 16 | . . . . 16 Average Corruption 15 | . . . . 15 Corruption Purged . | . . . . . Corruption Blocked . | . . . . . Effects 19 | . . . . 19 Message Errors 3 | . . . . 3 Matter Fused 2 | . . . . 2 Heat Flow Errors 2 | . . . . 2 Energy Discharges 5 | . . . . 5 Data Loss (minor) 3 | . . . . 3 Data Loss (major) 1 | . . . . 1 Misfires 1 | . . . . 1 Alerts 2 | . . . . 2 Overload Shots . | . . . . . Overflow Damage . | . . . . . Projectiles . | . . . . . Explosions . | . . . . . Melee . | . . . . . Knockbacks . | . . . . . Impact . | . . . . . Kinetic . | . . . . . Secondary . | . . . . . Self-Inflicted Damage 220 | . . 40 36 144 Shots 5 | . . 1 1 3 Rammed 1 | . . . . 1 Targets Rammed 1 | . . . . 1 Kicked . | . . . . . Crushed . | . . . . . Highest Temperature 192 | . 192 33 7 186 Average Temperature 54 | . 56 20 7 55 Received Heat Transfer 921 | . 150 . 420 351 Siege Activations . | . . . . . Robots Corrupted . | . . . . . Combat Hostiles . | . . . . . Parts Fried . | . . . . . Impact Corruptions . | . . . . . Robots Melted . | . . . . . Combat Hostiles . | . . . . . Parts Melted 6 | . 2 . 4 . Heat Transferred 4477 | . 814 37 1924 1702 Parts Sabotaged . | . . . . . Parts Stolen . | . . . . . Parts Stripped . | . . . . . Power Chain Reactions . | . . . . . Alert | -11 -10 -10 -9 -9 ------- Run | Yrd Mat Min Mat Sto Peak Influence 447 | . 172 67 447 400 Initial 163 | . . 66 10 163 Average 187 | . 77 46 264 299 Maximum Alert Level 2 | . . . 2 2 Low Security (%) 51 | 100 100 100 27 3 Level 1 45 | . . . 63 91 Level 2 3 | . . . 9 4 Level 3 . | . . . . . Level 4 . | . . . . . Level 5 . | . . . . . High Security . | . . . . . Max Security . | . . . . . Squads Dispatched 8 | . 3 . 1 4 Investigation 3 | . 2 . 1 . Extermination . | . . . . . Reinforcement 3 | . 1 . . 2 Assault . | . . . . . Garrison 2 | . . . . 2 Intercept . | . . . . . Searches Triggered . | . . . . . Construction Impeded 1 | . . . . 1 Haulers Reinforced . | . . . . . Active Scanning Responses . | . . . . . Cargo Convoy Interrupts . | . . . . . Stealth | -11 -10 -10 -9 -9 --------- Run | Yrd Mat Min Mat Sto Distress Signals 1 | . . . 1 . Communications Jammed . | . . . . . Distress Signals . | . . . . . Times Spotted 59 | . 15 1 25 18 Peak Tracking Total 4 | . 3 1 4 4 Tactical Retreats 2 | . 2 . . . Traps | -11 -10 -10 -9 -9 ------- Run | Yrd Mat Min Mat Sto Traps Triggered 2 | . 1 . 1 . Indirectly . | . . . . . Trap Hack Attempts . | . . . . . Triggered . | . . . . . Disarmed . | . . . . . Reprogrammed . | . . . . . Reused . | . . . . . Traps Extracted . | . . . . . Installed . | . . . . . Triggered . | . . . . . Machines | -11 -10 -10 -9 -9 ---------- Run | Yrd Mat Min Mat Sto Machines Disabled 7 | . 2 . 1 4 Max in Single Turn 1 | . 1 . 1 1 Machines Repaired . | . . . . . Machines Dismantled . | . . . . . Machines Sabotaged . | . . . . . Overloaded Fab Kills . | . . . . . Hacking | -11 -10 -10 -9 -9 --------- Run | Yrd Mat Min Mat Sto Machines Accessed 7 | . 2 1 2 2 Terminals 3 | . 1 . 1 1 Fabricators . | . . . . . Repair Stations 2 | . 1 . 1 . Recycling Units . | . . . . . Scanalyzers . | . . . . . Garrison Access 1 | . . . . 1 Total Hacks 15 | . 7 1 3 4 Successful 9 | . 4 1 3 1 Failed 6 | . 3 . . 3 Catastrophic 1 | . 1 . . . Database Lockouts . | . . . . . Manual 7 | . 3 . . 4 Terminals 5 | . 3 . 1 1 Fabricators . | . . . . . Repair Stations 6 | . 4 . 2 . Recycling Units . | . . . . . Scanalyzers . | . . . . . Garrison Access 3 | . . . . 3 Terminal Hacks 4 | . 1 1 1 1 Robot Analysis 1 | . . . 1 . Open Door 1 | . . 1 . . Branch Access Points 2 | . 1 . . 1 Fabricator Hacks . | . . . . . Repair Station Hacks 5 | . 3 . 2 . Scan Component 3 | . 2 . 1 . Repair 2 | . 1 . 1 . Recycling Unit Hacks . | . . . . . Scanalyzer . | . . . . . Garrison Access Hacks . | . . . . . Unauthorized Hacks . | . . . . . Terminals . | . . . . . Fabricators . | . . . . . Repair Stations . | . . . . . Recycling Units . | . . . . . Scanalyzers . | . . . . . Garrison Access . | . . . . . Data Cores Recovered 1 | . 1 . . . Used . | . . . . . Hacking Detections 4 | . 1 . 2 1 Full Trace Events 2 | . 1 . . 1 Feedback Events . | . . . . . Feedback Blocked . | . . . . . Robot Schematics Acquired . | . . . . . Robots Built . | . . . . . Authchips . | . . . . . Time . | . . . . . Total Robot Build Rating . | . . . . . Part Schematics Acquired . | . . . . . Parts Built . | . . . . . Authchips . | . . . . . Time . | . . . . . Total Part Build Rating . | . . . . . Parts Repaired 2 | . 1 . 1 . Time 52 | . 26 . 26 . Parts Recycled . | . . . . . Recycled Matter . | . . . . . Retrieved Matter . | . . . . . Retrieved Components . | . . . . . Parts Scanalyzed . | . . . . . Part Schematics Acquired . | . . . . . Parts Damaged . | . . . . . Bothacking | -11 -10 -10 -9 -9 ------------ Run | Yrd Mat Min Mat Sto Used RIF Installer . | . . . . . Robots Hacked . | . . . . . Non-combat . | . . . . . Combat . | . . . . . Robot Hacks Applied . | . . . . . Relay Couplers Released . | . . . . . Fabnet Peak Effective % . | . . . . . Robots Rewired . | . . . . . Allies Hacked . | . . . . . Hacks Repelled . | . . . . . Allies | -11 -10 -10 -9 -9 -------- Run | Yrd Mat Min Mat Sto Total Allies 3 | . . 2 . 1 Largest Group 2 | . . 2 . 1 Highest-Rated Group 21 | . . 21 . 15 Highest-Rated Ally 15 | . . 13 . 15 Total Orders 2 | . . 1 . 1 EXPLORE 2 | . . 1 . 1 Ally Attacks 10 | . . 7 . 3 Total Damage 46 | . . 37 . 9 Kills 1 | . . 1 . . Allies Corrupted . | . . . . . Allies Melted . | . . . . . Intel | -11 -10 -10 -9 -9 ------- Run | Yrd Mat Min Mat Sto Robot Analysis Total 1 | . . . 1 . Derelict Logs Recovered 1 | . . 1 . . Drone Launches 9 | . . 6 . 3 Drone Recoveries 6 | . . 3 . 3 Exploration | -11 -10 -10 -9 -9 ------------- Run | Yrd Mat Min Mat Sto Turns Passed 3163 | 7 754 663 542 1197 Spaces Moved 1360 | 3 345 367 190 455 Core 40 | . . . . 40 Treads 1297 | 3 345 367 190 392 Legs . | . . . . . Wheels 23 | . . . . 23 Hover . | . . . . . Flight . | . . . . . Fastest Speed 90 | 160 160 160 160 90 Average Speed 163 | 160 160 160 160 169 Slowest Speed 350 | 160 160 160 160 350 Overloaded Moves . | . . . . . Propulsion Burnouts . | . . . . . Robots Hopped . | . . . . . Cave-ins Triggered 4 | . . . . 4 Exploration Rate (%) 44 | 1 58 97 20 46 Regions Visited 4 Branch Regions 2 Pre-discovered Areas . | . . . . . Known Exits Taken 1 | . 1 . . . Unknown Exits Taken 3 | 1 . 1 1 . Scrap Searched 1 | . . 1 . . Spaces Dug 26 | . . . . 26 Terrain Destroyed 78 | . . 8 3 67 Melee 20 | . . . . 20 Projectile . | . . . . . AOE 58 | . . 8 3 47 Terrain Rammed . | . . . . . Walls Destroyed . | . . . . . Machines Disabled . | . . . . . Actions | -11 -10 -10 -9 -9 --------- Run | Yrd Mat Min Mat Sto Total 1961 | 4 482 440 309 726 Wait 290 | . 81 67 39 103 Move 1353 | 2 344 366 189 452 Hop . | . . . . . Pick Up 31 | . 8 1 4 18 Fast Attach 14 | . 1 1 3 9 Attach 9 | . 2 . 3 4 Detach . | . . . . . Swap 32 | 2 3 2 6 19 Drop 42 | . 8 2 5 27 Fire 155 | . 35 1 60 59 Melee 31 | . . . . 31 Ram . | . . . . . Kick . | . . . . . Crush 1 | . . . . 1 Escape Stasis 3 | . . . . 3 Rewire . | . . . . . Trap . | . . . . . Miscellaneous . | . . . . . Route ------- -11/Scrapyard -10/Materials (discovered 2 exits: *Min x2) -10/Mines (discovered 2 exits: *Mat x2) -9/Materials (discovered 3 exits: Mat x2 / *Sto) -9/Storage (discovered 1 exit: Rec) History --------- Turn | Location | Event 4 | -11/Scrapyard | Discovered new exit (range 2) 8 | -11/Scrapyard | Entered Materials 24 | -10/Materials | Identified exit to Mines 306 | -10/Materials | Build established: Mutant 676 | -10/Materials | Repaired Lgt. Treads 762 | -10/Materials | Entered Mines 883 | -10/Mines | YI-UF0 nonchalantly dropped a Grenade Launcher on the ground 952 | -10/Mines | Found the Drone Emporium 958 | -10/Mines | Found Prototype Device 958 | -10/Mines | Identified Splice Drone Bay 976 | -10/Mines | Discovered new exit (range 13) 1095 | -10/Mines | Learned 4 Materials zone layouts 1413 | -10/Mines | Discovered new exit (range 5) 1425 | -10/Mines | Entered Materials 1425 | -9/Materials | Evolved 2 slots: Propulsion x1, Utility x1 1426 | -9/Materials | Identified exit to Materials 1629 | -9/Materials | Destroyed 7 combat bots 1635 | -9/Materials | Lost 3 parts (1p2n) 1855 | -9/Materials | Repaired Lgt. Treads 1959 | -9/Materials | Discovered new exit (range 5) 1963 | -9/Materials | Build established: Scavenger-Mutant 1967 | -9/Materials | Entered Storage 2161 | -9/Storage | Identified exit to Recycling 2728 | -9/Storage | Crushed by falling debris 2729 | -9/Storage | Core integrity fell below 50% 2740 | -9/Storage | Crushed by falling debris 2753 | -9/Storage | Crushed by falling debris 2791 | -9/Storage | Crushed by falling debris 2792 | -9/Storage | Core integrity fell below 20% 2792 | -9/Storage | System corruption reached 10% 2809 | -9/Storage | Build established: Mutant 2822 | -9/Storage | Lost 3 parts (1p1n1u) 3164 | -9/Storage | Destroyed by Y-45 Defender with Heavy Assault Rifle Last Messages --------------- 03138_ System corrupted: Energy discharge (-84). 03138_ K-01 Serf collects debris. 03140_ Critical hit (Burn: +37). 03142_ K-01 Serf collects debris. 03150_ Y-45 Defender destroyed. 03150_ Switching to secondary target: Y-45 Defender. 03151_ K-01 Serf collects debris. 03153_ Y-45 Defender suffers critical hit (Burn). 03154_ System corrupted: Component data lost. 03155_ The unstable cave ceiling collapses. 03155_ K-01 Serf collects debris. 03159_ U-05 Engineer builds a Wall. 03159_ K-01 Serf collects debris. 03160_ Com. Wheel destroyed. 03162_ Y-45 Defender emerges from the garrison. 03162_ Y-45 Defender destroyed. 03162_ Switching to secondary target: Y-45 Defender. 03162_ K-01 Serf collects debris. 03162_ U-05 Engineer builds a Wall. [Achievement: Back For More] Map ----- +----------------------------------------------------+ | ?????????# """[ *##?# #########?# """ """ # | | ?????????# " **=" #### # ###### """ """ # | | ?????????+ "[[[ " + a # # | | ?????????# """""" %#### T + # | | ?????????# =! #??## ##### #### # # | | ?????????# =% = #???# #???######??# # # | | ?????????###########???# #???# ??# # * # | | ???????????????????#####+##### ??# ########### | | ???????????????????# ## ?# #?????????? | | ???????????????????# """" ## ! ?# #?????????? | | ???????????????????# "????## # #?????????? | | ???????????????????# "?????# # #?????????? | | ???????????????????# "?????# + #?????????? | | ???????????????????# "????## # #????????## | | ???????????????????# """" ## # #???###### | | ???????????????????# ## ! ?# #???# [[! | | ???????????????????# ## ?# ##### ! = | | ?????????????????######+##+######+#### # % | | ?????????????????# # | | ?????????????????# ! + "" | | ?????a???????????# u k% # """ | | ?????a???????????##### =########+#### # """ | | ?????????????????## #????????## #### % | | ?????????????????# #????????## #####+#### | | ?????????????????# [= #??????" + ^ | | ?????????????????# %@!!#????????## ### | | ?????????????????# "Y" #?????????# !!! """ | | ?????????????????# "G" #?????????# !!! """ | | ?????????????????## " #?????????# !! R" | | ??????????????????# #?????????# """ | | ??????????????????##" "## ###?????????# ### | | ???????????????????#"Y"?###???????????# #?? | | ???????????????????#"""?????????#######+### #### | | ????????????????????###?????????# # # | | ????????????????????????????????# # # | | ????????????????????????????????# # # | | ????????????????????????????????# + + | | ????????????????????????????????# """ """ # # | | ????????????????????????????????# """ """ # # "" | | ????????????????????????????????# """ """ # # "" | | ????????????????????????????????# # # "" | | ????????????????????????????????##" "###### #### | | ?????????????????????????????????#"T"#????#####??? | | ?????????????????????????????????#"""????????????? | | ??????????????????????????????????#?#????????????? | | ?????????????????????????????????????????????????? | | ?????????????????????????????????????????????????? | | ?????????????????????????????????????????????????? | | ?????????????????????????????????????????????????? | | ?????????????????????????????????????????????????? | +----------------------------------------------------+ Best States ------------- Heat Dissipation 50 Energy Generation 14 Energy Capacity 280 Matter Stores 300 Matter Capacity 300 Sight Range 16 Robot Scan Range 14 Terrain Scan Density 10 Additional Mass Support 6 Evasion (%) 42 Recoil Reduction 3 Item Schematics ----------------- None Robot Schematics ------------------ None Fabricated ------------ Nothing Alien Tech Used ----------------- None Achievements -------------- Back For More Error 47 Factory Defaults Challenges ------------ None Game ------ Seed PhysicsVoltaicBlaster Manual? 0 Play Time 00:29:47 Cumulative 32.5 hours Start 2024.09.09 @ 14:23:20 End 2024.09.09 @ 14:50:20 Sessions 1 Manual Loads 0 Difficulty Rogue Special Mode None Game No. 50 Rogue 50 Adventurer 0 Explorer 0 Win Type - Total 0 Types 0/0/0/0/0/0/0/0/0 Lore% 8 Gallery% 33 Achievement% 27 Wizard Run 0 Options --------- Layout 0 ASCII 0 Keyboard 0 Movement Mouse Keybinds 1 Fullscreen 1 Font 18/TerminusBold Map View 76x50 Zoom Use 0% Tactical HUD 1 Map Filters NONE Filters NONE Steam 1 RUN: 9baa7645-96e2-498c-814a-fa85eb2e1e19